 Dungeon Crawl Stone Soup version 0.30-a0-728-gc68057be0a (webtiles) character file.

Game seed: 9929333356879148047

1 DEFE the Charlatan (level 1, -1/15 HPs)
             Began as a Djinni Wanderer on Jan 30, 2023.
             Slain by a jackal (2 damage)
             ... on level 1 of the Dungeon.
             The game lasted 00:00:13 (29 turns).

DEFE the Charlatan (Djinni Wanderer)                  Turns: 29, Time: 00:00:14

Health: -1/15      AC:  2    Str:  8    XL:     1   Next: 22%
Gold:   0          EV: 11    Int: 15    God:
                   SH:  4    Dex: 13

rFire   + + .      SeeInvis .    a - +2 dagger
rCold   x . .      Faith    .    c - +0 buckler
rNeg    . . .      Spirit   .    e - +0 robe
rPois   ∞          Reflect  .    (no helmet)
rElec   .          Harm     .    (no cloak)
rCorr   .          Rampage  .    (no gloves)
Will    .....                    (boots unavailable)
Stlth   ++                       (no amulet)
HPRegen 0.22/turn                (no ring)
MPRegen 0.00/turn                (no ring)

@: flying
A: sickness immunity, fire resistance 2, cold vulnerability 1, float, innate
caster, HP casting, extra vitality 1
a: no special abilities


You were on level 1 of the Dungeon.
You visited 1 branch of the dungeon, and saw 1 of its levels.

Inventory:

Hand Weapons
 a - a +2 dagger (weapon)
Missiles
 b - 2 curare-tipped darts (quivered)
Armour
 c - a +0 buckler (worn)
 e - a +0 robe (worn)
Potions
 d - a potion of berserk rage


   Skills:
 + Level 1.5 Throwing
 + Level 1.1 Dodging
 + Level 1.5 Stealth
 + Level 1.0 Shields
 + Level 1.5 Spellcasting
 + Level 2.0 Evocations


You couldn't memorise any spells.
You knew the following spells:

 Your Spells              Type           Power      Damage    Failure   Level
a - Inner Flame           Hex/Fire       5%         N/A       45%         3
b - Foxfire               Conj/Fire      20%        2x1d5     17%         1

Your spell library contained the following spells:

 Spells                   Type           Power      Damage    Failure   Level


Dungeon Overview and Level Annotations

Branches:
Dungeon (1/15)

Altars:


Innate Abilities, Weirdness & Mutations

You are immune to sickness and miasma.
You are immune to poison.
Your flesh is very heat resistant. (rF++)
You are vulnerable to cold. (rC-)
You float through the air rather than walking.
You learn spells naturally, not from books.
Your magical power is your life essence.
You have superior vitality. (+4 MHP)


Message History

Unknown command.
Unknown command.
You conjure some foxfire!
The foxfire hits the jackal but does no damage.
The foxfire hits the jackal.
The jackal bites you but does no damage.
The jackal closely misses you. The jackal misses you.
The jackal bites you but does no damage.
You take 1 damage, and have 11/15 hp.
Unknown command.
Unknown command.
You conjure some foxfire!
The foxfire hits the jackal but does no damage.
The jackal barely misses you. The jackal closely misses you.
The jackal barely misses you.
You take 1 damage, and have 10/15 hp.
Unknown command.
Unknown command.
The jackal attacks as you move away! The jackal bites you.
The foxfire hits the jackal. x2
You kill the jackal!
Unknown command.
You conjure some foxfire!
You block the jackal's attack. The jackal bites you.
The jackal barely misses you.
You take 4 damage, and have 6/15 hp.
MASSIVE DAMAGE!!
You conjure some foxfire!
The foxfire hits the jackal.
You block the jackal's attack.
The jackal bites you but does no damage.
You take 1 damage, and have 5/15 hp.
Unknown command.
Unknown command.
You miss the jackal.
The foxfire hits the jackal.
The foxfire hits the jackal but does no damage.
The foxfire hits the jackal.
The jackal bites you.
* * * LOW HITPOINT WARNING * * *
The jackal misses you. The jackal barely misses you. The jackal bites you.
* * * LOW HITPOINT WARNING * * *
The jackal bites you.
You die... .PP.P.PP.P.P ##### .P.PPP.P.P.P ..?... .PP.P.PP.P.PP# ......
P.PP.PP.PP.PP# ####......
PP.PPP.PP.PPP# #.......!.
PPP...PPP.PPP#

#.........
..PPPPP..PPPP####h........
PP..<..PPPPPP..§@h........
PPPP.PPPPPPPP..§.h...#####
.....................#
#######..............+
#.....#........#
#.....#........#
#.....#........#
#######........#
##########


You could see 3 jackals.

Vanquished Creatures
  A jackal (D:1)
1 creature vanquished.

Vanquished Creatures (others)
  8 foxfires (D:1)
  A plant (D:1)
9 creatures vanquished.

Grand Total: 10 creatures vanquished

Notes
Turn   | Place    | Note
-------+----------+-------------------------------------------
     0 | D:1      | DEFE the Djinni Wanderer began the quest for the Orb.
     0 | D:1      | DEFE set off with the following items: a +2 dagger, 2
                  | curare-tipped darts, a +0 buckler, a potion of berserk
                  | rage, a +0 robethe following spells memorised: Inner Flame,
                  | Foxfire.
     0 | D:1      | Reached XP level 1. HP: 15/15 MP: 0/0
    29 | D:1      | Slain by a jackal

Illustrated notes

Levels and vault maps discovered:
D:1:      roderic_crop_circles_arrival_small, layout_basic

Action                     || total
---------------------------++-------
  Melee: Dagger            ||     7
   Cast: Foxfire           ||     5
 Armour: Robe              ||     3
  Dodge: Dodged            ||    11
  Block: Buckler           ||     4

Table legend: (Time is in decaauts)
 A = Elapsed time spent in this place.
 B = Non-inter-level travel time spent in this place.
 C = Inter-level travel time spent in this place.
 D = Time resting spent in this place.
 E = Time spent auto-exploring this place.
 F = Levels seen in this place.
 G = Mean time per level.
                   A        B        C        D        E       F      G
               +--------+--------+--------+--------+--------+-----+--------+
         Total |     29 |     29 |      0 |      0 |     10 |   1 |   29.0 |
       Dungeon |     29 |     29 |      0 |      0 |     10 |   1 |   29.0 |
               +--------+--------+--------+--------+--------+-----+--------+

Top non-repeatable levels by time:
     D:1: 29 daAuts
